 Dungeon Crawl Stone Soup version 0.26-a0-1184-g95e395e029 (webtiles) character file.

Game seed: 14531247284814820852

8 Azzok the Digger (level 2, 19/19 HPs)
             Began as a Demonspawn Earth Elementalist on Dec 27, 2020.
             Quit the game on level 1 of the Dungeon.
             The game lasted 00:00:26 (389 turns).

Azzok the Digger (Demonspawn Earth Elementalist)     Turns: 389, Time: 00:00:26

Health: 19/19      AC:  2    Str:  8    XL:     2   Next: 0%
Magic:  3/5        EV: 12    Int: 16    God:
Gold:   16         SH:  0    Dex: 13    Spells: 4/5 levels left

rFire    . . .     SeeInvis .   (no weapon)
rCold    . . .     Faith    .   (no shield)
rNeg     . . .     Spirit   .   c - +0 robe
rPois    .         Reflect  .   (no helmet)
rElec    .         Harm     .   (no cloak)
rCorr    .         Rampage  .   (no gloves)
Will     .....                  (no boots)
Stlth    ++........             (no amulet)
HPRegen  0.06/turn              d - ring of wizardry
MPRegen  0.09/turn              (no ring)

@: no status effects
A: demonic guardian 1
a: no special abilities


You were on level 1 of the Dungeon.
You visited 1 branch of the dungeon, and saw 1 of its levels.

You collected 16 gold pieces.

Inventory:

Missiles
 b - 68 stones (quivered)
Armour
 c - a +0 robe (worn)
Jewellery
 d - a ring of wizardry (left hand)
Scrolls
 a - a scroll of amnesia {unknown}
 e - a scroll of teleportation {unknown}


   Skills:
 - Level 1.7 Dodging
 - Level 1.7 Stealth
 - Level 2.0 Spellcasting
 - Level 0.8 Transmutations
 + Level 3.2 Earth Magic


You had 4 spell levels left.
You knew the following spells:

 Your Spells              Type           Power        Failure   Level
a - Sandblast             Erth           24%          2%          1

Your spell library contained the following spells:

 Spells                   Type           Power        Failure   Level
 Passwall                 Tmut/Erth      6%           6%          2
 Stone Arrow              Conj/Erth      12%          13%         3
 Petrify                  Tmut/Erth      8%           32%         4
 Lee's Rapid Deconstruct  Erth           6%           50%         5


Dungeon Overview and Level Annotations

Branches:
Dungeon (1/15)

Altars:


Innate Abilities, Weirdness & Mutations

A weak demonic guardian rushes to your aid.


Message History

d - a ring of wizardry (left hand)
A kobold comes into view. It is wielding a +0 dagger.
A kobold is nearby!
A kobold is nearby!
Casting: Sandblast (safe; 2% risk of failure)
Confirm with . or Enter, or press ? or * to list all spells.
You can't see any susceptible monsters within range! (Use Z to cast anyway.)
The kobold shouts!
Casting: Sandblast (safe; 2% risk of failure)
Confirm with . or Enter, or press ? or * to list all spells.
Aiming: Sandblast (safe; 2% risk of failure)
Press: ? - help, Shift-Dir - straight line, f - kobold
Aim: a kobold, wielding a +0 dagger and quivering 5 stones (26% to evade)
The blast of sand hits the kobold.
You kill the kobold!
b - 68 stones You have reached level 2!
Your demonic ancestry asserts itself...
You feel the presence of a demonic guardian.
Are you sure you want to abandon this character and quit the game? (Confirm with "yes".)

▒··▒ ▒·▒ ▒··▒····▒ ▒··▒
▒·▒ ▒··▒▒▒▒·▒ ▒··▒ ▒·▒
▒··▒ ▒·▒
▒··▒▒▒▒▒·▒▒▒▒··▒ ▒·▒
▒··············▒ ▒·▒
▒··············▒ ▒·▒
▒··············▒ ▒·▒
▒▒▒▒▒▒▒▒▒▒▒▒▒▒▒▒▒▒▒·▒▒▒
▒···)·@······▒
▒▒▒▒▒▒▒▒▒▒·▒·▒ ▒·▒·▒
▒·· · ▒··▒·· ▒?▒▒ ··
▒·· ··▒ ▒·


There were no monsters in sight!

Vanquished Creatures
  A leopard gecko (D:1)
  A giant cockroach (D:1)
  A goblin (D:1)
  4 kobolds (D:1)
7 creatures vanquished.

Notes
Turn   | Place    | Note
-------+----------+-------------------------------------------
     0 | D:1      | Azzok the Demonspawn Earth Elementalist began the quest for
                  | the Orb.
     0 | D:1      | Reached XP level 1. HP: 13/13 MP: 3/3
    46 | D:1      | Reached skill level 3 in Earth Magic
   389 | D:1      | Gained mutation: A weak demonic guardian rushes to your
                  | aid. [demonic ancestry]
   389 | D:1      | Reached XP level 2. HP: 19/19 MP: 3/5
   389 | D:1      | Quit the game

Illustrated notes

Levels and vault maps discovered:
D:1:      dpeg_arrival_boxes_within_box, layout_loops_ring, due_unseen_surprise

Skill      XL: |  1 |
---------------+----+-----
Earth Magic    | 3 |  3.2
Dodging        | |  1.7
Stealth        | |  1.7
Spellcasting   | |  2.0
Transmutations | |  0.8

Action                   || total
-------------------------++-------
 Cast: Sandblast         ||     8
Armor: Robe              ||     1
Dodge: Dodged            ||     6

Table legend: (Time is in decaauts)
 A = Elapsed time spent in this place.
 B = Non-inter-level travel time spent in this place.
 C = Inter-level travel time spent in this place.
 D = Time resting spent in this place.
 E = Time spent auto-exploring this place.
 F = Levels seen in this place.
 G = Mean time per level.
                   A        B        C        D        E       F      G
               +--------+--------+--------+--------+--------+-----+--------+
         Total |    388 |    388 |      0 |     34 |    293 |   1 |  388.0 |
       Dungeon |    388 |    388 |      0 |     34 |    293 |   1 |  388.0 |
               +--------+--------+--------+--------+--------+-----+--------+

Top non-repeatable levels by time:
     D:1: 388 daAuts
